[Event "*** Titled Tuesday Blitz"]
[Site "Chess.com"]
[Date "2020.10.27"]
[Round "6"]
[White "akanga001"]
[Black "NotFischer"]
[Result "1-0"]
[WhiteElo "1899"]
[BlackElo "2116"]
[TimeControl "180+1"]
[EndTime "11:04:41 PDT"]
[Termination "akanga001 won by checkmate"]

1. d4 Nf6 2. c4 e6 3. g3 d5 4. Bg2 Be7 5. Nh3 O-O 6. O-O c6 7. Qc2 Nbd7 8. b3 b6 9. Bb2 Bb7 10. Nd2 Rc8 11. e3 c5 12. dxc5 Nxc5 13. Qd1 Qc7 14.
Nf4 Rfd8 15. Qe2 Ba6 16. Rac1 dxc4 17. bxc4 g5 18. Nh5 Nxh5 19. Qxh5 Nd3 20. Be4 f5 21. Bxd3 Rxd3 22. Nf3 Qd8 23. Ne5 Ba3 24. Qf7+ Kh8 25. Ng6# 1-0

[Event "*** Titled Tuesday Blitz"]
[Site "Chess.com"]
[Date "2020.10.27"]
[Round "6"]
[White "Vanina1989"]
[Black "shnitez"]
[Result "1-0"]
[WhiteElo "2639"]
[BlackElo "2439"]
[TimeControl "180+1"]
[EndTime "11:04:43 PDT"]
[Termination "Vanina1989 won by resignation"]

1. d4 Nf6 2. c4 e6 3. Nf3 b6 4. g3 Bb7 5. Bg2 Be7 6. O-O O-O 7. Nc3 Ne4 8. Bd2 Bf6 9. Be1 d6 10. Qd3 Nxc3 11. Bxc3 g6 12. e4 Nd7 13. Qe3 Qe7 14.
e5 dxe5 15. dxe5 Bg7 16. Rad1 Rad8 17. Rfe1 a5 18. h4 Nc5 19. Nd4 Bxg2 20. Kxg2 Qd7 21.
Qf3 Qe8 22. Nc6 Ra8 23. h5 Na4 24. Bd4 Nc5 25. Bxc5 bxc5 26. Rh1 Ra6 27. Nd8 Ra8 28. Qxa8 1-0

[Event "*** Titled Tuesday Blitz"]
[Site "Chess.com"]
[Date "2020.10.27"]
[Round "6"]
[White "Michaelson_11"]
[Black "InitiatingASC"]
[Result "0-1"]
[WhiteElo "2128"]
[BlackElo "2413"]
[TimeControl "180+1"]
[EndTime "11:04:45 PDT"]
[Termination "InitiatingASC won by checkmate"]

1. e4 c5 2. Nf3 Nc6 3. d4 cxd4 4. Nxd4 Nf6 5. Nc3 e5 6. Ndb5 h6 7. Nd6+ Bxd6 8. Qxd6 Qe7 9. Qd1 d6 10. Bd3 O-O 11.
O-O Rd8 12. f4 exf4 13. Bxf4 Ne5 14. Qe2 Bg4 15. Qe3 Kh7 16. Qg3 Bh5 17. Bxe5 Qxe5 18. Qxe5 dxe5 19. Nd5 Rd6 20. Nxf6+ gxf6 21. Rf2 Kg7 22.
Raf1 Rad8 23. g4 Bg6 24. h4 h5 25. gxh5 Bxh5 26. Rg2+ Kf8 27. Kh2 Ke7 28. Rg7 Rh8 29. Rfg1 Kf8 30. R7g3 Rd4 31. c3 Ra4 32. a3 Bg6 33.
Rg4 Ke7 34. Re1 f5 35. exf5 Rxg4 36. fxg6 Rhxh4# 0-1

[Event "*** Titled Tuesday Blitz"]
[Site "Chess.com"]
[Date "2020.10.27"]
[Round "6"]
[White "szefru"]
[Black "wonderfultime"]
[Result "0-1"]
[WhiteElo "2266"]
[BlackElo "2919"]
[TimeControl "180+1"]
[EndTime "11:04:50 PDT"]
[Termination "wonderfultime won by resignation"]

1. e4 c5 2. Nf3 Nf6 3. e5 Nd5 4. b3 g6 5. Bb2 Bg7 6. g3 O-O 7.
Bg2 Nc6 8. O-O d6 9. Re1 Bg4 10. h3 Bxf3 11. Qxf3 Ndb4 12. Na3 dxe5 13. Qe2 Qd7 14.
Nc4 Nxc2 15. Bxc6 Qxc6 16. Nxe5 Qd5 17. Rec1 Nxa1 18. Bxa1 Rfd8 19. Rc2 Rac8 20. h4 Rd6 21. Qg4 Re6 22. f4 Rd8 23. h5 Qe4 24. Qd1 Bxe5 25. Bxe5 Rxe5 26. fxe5 Rd3 27. Rc3 Qd4+ 28. Kh2 Rxc3 29.
Qg4 Qxg4 0-1

[Event "*** Titled Tuesday Blitz"]
[Site "Chess.com"]
[Date "2020.10.27"]
[Round "6"]
[White "Beca95"]
[Black "Ermito2020"]
[Result "1-0"]
[WhiteElo "2913"]
[BlackElo "2650"]
[TimeControl "180+1"]
[EndTime "11:04:58 PDT"]
[Termination "Beca95 won by resignation"]

1. e4 c5 2. Nc3 Nc6 3. f4 d6 4. Bb5 Bd7 5. Bxc6 Bxc6 6. d3 g6 7. Nf3 Bg7 8. Bd2 Nf6 9. O-O O-O 10. Qe1 e6 11. b3 d5 12. e5 Nd7 13. Qg3 f6 14. Rae1 fxe5 15. fxe5 Rf5 16. Ng5 Qe7 17.
Rxf5 gxf5 18. Bf4 Nf8 19. Nf3 Ng6 20. Bg5 Qc7 21. Ne2 d4 22. Nf4 Bxf3 23. Nxe6 Qc6 24.
Nxg7 Bxg2 25. Nxf5 Bd5 26. Bf6 Kf7 27. Qh3 Be6 28.
Qxh7+ Ke8 29. Nd6+ 1-0

[Event "*** Titled Tuesday Blitz"]
[Site "Chess.com"]
[Date "2020.10.27"]
[Round "6"]
[White "DenLaz"]
[Black "SARGISMV"]
[Result "1-0"]
[WhiteElo "2768"]
[BlackElo "2515"]
[TimeControl "180+1"]
[EndTime "11:04:58 PDT"]
[Termination "DenLaz won by resignation"]

1. d4 c5 2. d5 e6 3. Nc3 g6 4. e4 Bg7 5. Bf4 e5 6. Be3 d6 7. h4 a6 8. h5 g5 9. a4 h6 10. Nge2 Ne7 11. Ng3 f5 12. exf5 Nxf5 13. Nxf5 Bxf5 14. Bd3 O-O 15. Bxf5 Rxf5 16. Ne4 Qf8 17.
Qg4 Nd7 18. Nxd6 Qxd6 19. Qxf5 Qxd5 20. O-O Nf6 21. Rad1 Qc4 22. Rd6 Nxh5 23. Qe6+ Qxe6 24.
Rxe6 c4 25. Rd1 b5 26. a5 Kf7 27. Rb6 e4 28. Rd7+ Ke8 29. Rdd6 Ra7 30. Rxa6 Rxa6 31.
Rxa6 Bxb2 32. Ra8+ Kd7 33. a6 Kc7 34. a7 Nf4 35. Rg8 Ne2+ 36. Kf1 Ng3+ 37. fxg3 1-0

[Event "*** Titled Tuesday Blitz"]
[Site "Chess.com"]
[Date "2020.10.27"]
[Round "6"]
[White "TurboSteen"]
[Black "Vamostodorecto"]
[Result "0-1"]
[WhiteElo "2033"]
[BlackElo "2343"]
[TimeControl "180+1"]
[EndTime "11:04:59 PDT"]
[Termination "Vamostodorecto won by resignation"]

1. e4 e5 2. Nf3 Nc6 3. Bb5 a6 4.
Ba4 Nf6 5. O-O b5 6. Bb3 Be7 7. Re1 O-O 8. c3 d5 9. exd5 Nxd5 10. Nxe5 Nxe5 11. Rxe5 c6 12. d4 Bd6 13. Re1 Qh4 14. g3 Qh3 15. Re4 g5 16. Qf3 f5 17. Re1 Bb7 18. Bxg5 f4 19. Bxd5+ cxd5 20. Qg2 Qh5 21. Bxf4 Bxf4 22. gxf4+ Kh8 23. Re5 Qd1+ 24. Qf1 Qg4+ 25. Qg2 Qxf4 26. Rg5 Qc1+ 0-1

[Event "*** Titled Tuesday Blitz"]
[Site "Chess.com"]
[Date "2020.10.27"]
[Round "6"]
[White "AlexeiShirov"]
[Black "gagtemp"]
[Result "1-0"]
[WhiteElo "2802"]
[BlackElo "1970"]
[TimeControl "180+1"]
[EndTime "11:05:02 PDT"]
[Termination "AlexeiShirov won by resignation"]

1. e4 d5 2. exd5 Qxd5 3. Nc3 Qd6 4. d4 Nf6 5. Nf3 c6 6. Ne5 Nbd7 7. f4 Nb6 8. g4 Nbd5 9. Bg2 g6 10. Nxd5 cxd5 11. c4 Bg7 12. c5 Qd8 13. O-O O-O 14. f5 e6 15. g5 Ne4 16. f6 Bh8 17. Bxe4 dxe4 18.
Be3 Bd7 19. h4 h5 20. Qd2 Bc6 21. Nxc6 bxc6 22. Bf4 Qd5 23. Be5 Rfd8 24. Qe3 1-0

[Event "*** Titled Tuesday Blitz"]
[Site "Chess.com"]
[Date "2020.10.27"]
[Round "6"]
[White "Akhayan"]
[Black "Caterpiller35"]
[Result "0-1"]
[WhiteElo "2270"]
[BlackElo "2469"]
[TimeControl "180+1"]
[EndTime "11:05:05 PDT"]
[Termination "Caterpiller35 won by resignation"]

1. d4 Nf6 2. Nf3 e6 3. g3 d5 4. Bg2 Be7 5. O-O O-O 6. c4 dxc4 7. Qc2 b6 8. Bg5 Nbd7 9. Ne5 Nxe5 10. Bxf6 gxf6 11.
dxe5 Rb8 12. Rd1 Qe8 13. Qxc4 f5 14. Qxc7 Ba6 15. Bc6 Rc8 16. Bxe8 Rxc7 17. Ba4 Bxe2 18. Re1 Bd3 19. Nc3 Bb4 20. Rad1 Bxc3 21. bxc3 Bc4 22.
Rd2 b5 23. Bd1 Bd5 24. Re3 Rfc8 25. Rc2 b4 26. g4 f4 27. Rh3 a5 28. Bf3 Rxc3 29. Rxc3 Rxc3 0-1

[Event "*** Titled Tuesday Blitz"]
[Site "Chess.com"]
[Date "2020.10.27"]
[Round "6"]
[White "GM_LOADING"]
[Black "ajedrezhoy"]
[Result "1-0"]
[WhiteElo "2453"]
[BlackElo "2226"]
[TimeControl "180+1"]
[EndTime "11:05:08 PDT"]
[Termination "GM_LOADING won by resignation"]

1. Nf3 d5 2. g3 Nc6 3. d4 Bf5 4. Bg2 e6 5. O-O Nb4 6. Na3 c6 7. c3 Na6 8. Nc2 h6 9. Re1 Nf6 10. Ne5 Be7 11. h3 O-O 12. g4 Be4 13. f3 Bh7 14.
Bf4 c5 15. e3 Rc8 16. Bf1 Nb8 17. Bd3 Bxd3 18. Qxd3 Nc6 19. Rf1 Nxe5 20. Bxe5 Bd6 21. Bxf6 Qxf6 22. f4 Qh4 23. Kg2 g5 24. dxc5 Rxc5 25.
Nd4 h5 26. Nf3 hxg4 27. Nxh4 gxh4 28. hxg4 f5 29. gxf5 Rxf5 30. Kh3 Rc7 31. Rg1+ Kf8 32. Rg6 1-0

[Event "*** Titled Tuesday Blitz"]
[Site "Chess.com"]
[Date "2020.10.27"]
[Round "6"]
[White "GM_Levan_Pantsulaia"]
[Black "SilviusTiberius"]
[Result "1-0"]
[WhiteElo "2845"]
[BlackElo "2531"]
[TimeControl "180+1"]
[EndTime "11:05:09 PDT"]
[Termination "GM_Levan_Pantsulaia won by resignation"]

1. Nf3 Nf6 2. g3 g6 3. b3 Bg7 4. Bb2 O-O 5. Bg2 d6 6. d4 e5 7. dxe5 Ng4 8. Nc3 Nxe5 9. Nxe5 dxe5 10. Qxd8 Rxd8 11. Nd5 Rd7 12. O-O-O Na6 13. Ba3 c5 14. Rd2 f5 15. e4 Kf7 16. Rhd1 Rb8 17. Kb1 b5 18.
Bb2 Bb7 19. Ne3 Rxd2 20. Rxd2 Ke6 21. exf5+ gxf5 22. Bh3 Be4 23. f3 Bxf3 24. Nxf5 1-0

[Event "*** Titled Tuesday Blitz"]
[Site "Chess.com"]
[Date "2020.10.27"]
[Round "6"]
[White "IMprovidence"]
[Black "HrvojeZagreb"]
[Result "1-0"]
[WhiteElo "2437"]
[BlackElo "2225"]
[TimeControl "180+1"]
[EndTime "11:05:09 PDT"]
[Termination "IMprovidence won by resignation"]

1. c4 f5 2. g3 Nf6 3. Bg2 e5 4. a3 a5 5. Nc3 d6 6. Rb1 Be7 7.
b4 axb4 8. axb4 O-O 9. d3 Qe8 10.
e3 Nc6 11. b5 Nd8 12. Bb2 f4 13. exf4 exf4 14. Nge2 f3 15. Bxf3 Bh3 16. Nf4 Bf5 17.
O-O g5 18. Nfd5 Ne6 19. Re1 Bd8 20. Nxf6+ Rxf6 21. Bxb7 Ra7 22. Bg2 Qg6 23. Ne4 Rf8 24. g4 Bxe4 25. Bxe4 Qf7 26. Bd5 Qxf2+ 27. Kh1 Re8 28.
Rxe6 Rxe6 29. Bxe6+ Kf8 30. Qf1 Qxf1+ 31. Rxf1+ Ke7 32.
Bd5 Ra2 33. Bf6+ Ke8 34. Bc6+ 1-0

[Event "*** Titled Tuesday Blitz"]
[Site "Chess.com"]
[Date "2020.10.27"]
[Round "6"]
[White "Shield12"]
[Black "nrvisakh"]
[Result "1/2-1/2"]
[WhiteElo "2826"]
[BlackElo "2691"]
[TimeControl "180+1"]
[EndTime "11:05:10 PDT"]
[Termination "Game drawn by repetition"]

1. e4 c5 2. Nf3 d6 3. Bb5+ Nd7 4. Ba4 Nf6 5. O-O Nxe4 6. Re1 Nf6 7. d4 e6 8. d5 e5 9. Nxe5 Be7 10. Nf3 O-O 11. c4 Nb6 12. Bb3 Bg4 13. h3 Bxf3 14. Qxf3 Nfd7 15.
Bf4 Re8 16. Nc3 a6 17. Ne4 Nf6 18. Nxf6+ Bxf6 19. Rxe8+ Qxe8 20. Bxd6 Bxb2 21. Rd1 Bd4 22. Kf1 Qd7 23. Bf4 Re8 24. Re1 Rxe1+ 25. Kxe1 Qf5 26. Qg4 Qb1+ 27. Qd1 Qb2 28. Qe2 Qa1+ 29. Kd2 g6 30.
Bc7 Qc3+ 31. Kd1 Qa1+ 32. Kd2 Qc3+ 33. Kd1 Qa1+ 34. Kd2 1/2-1/2

[Event "*** Titled Tuesday Blitz"]
[Site "Chess.com"]
[Date "2020.10.27"]
[Round "6"]
[White "oogee"]
[Black "MF1966Idrisov"]
[Result "0-1"]
[WhiteElo "2176"]
[BlackElo "2333"]
[TimeControl "180+1"]
[EndTime "11:05:14 PDT"]
[Termination "MF1966Idrisov won by checkmate"]

1. d4 d6 2. Nf3 f5 3. g3 e6 4.
Bg2 Nf6 5. O-O Be7 6. b3 O-O 7. Bb2 Ne4 8. Nfd2 d5 9. f3 Nxd2 10.
Qxd2 c5 11. c3 Nc6 12. Na3 b6 13. e4 cxd4 14. exd5 dxc3 15. Qxc3 Bf6 16. Qxc6 Bxb2 17. Qxa8 Bxa3 18. Rad1 Bc5+ 19. Kh1 e5 20. d6 Be6 21.
Qxa7 f4 22. Rfe1 fxg3 23. hxg3 Qg5 24. Qe7 Rf6 25. Qe8+ Rf8 26. Qxe6+ Kh8 27. Qxe5 Qh6+ 28. Bh3 Qxh3# 0-1

[Event "*** Titled Tuesday Blitz"]
[Site "Chess.com"]
[Date "2020.10.27"]
[Round "6"]
[White "TrickyFortem"]
[Black "Quattroporte300"]
[Result "1-0"]
[WhiteElo "2541"]
[BlackElo "2241"]
[TimeControl "180+1"]
[EndTime "11:05:15 PDT"]
[Termination "TrickyFortem won on time"]

1. f4 c5 2. b3 Nc6 3. Bb2 Nf6 4. e3 d5 5. Nf3 g6 6. Bb5 Bg7 7. Bxc6+ bxc6 8. O-O O-O 9. d3 a5 10. a4 Rb8 11.
Nbd2 Ba6 12. Qe2 e6 13. Ne5 Qc7 14. Rf3 Nd7 15. Nxd7 Qxd7 16. Bxg7 Kxg7 17. Rh3 Rb4 18.
Rf1 c4 19. d4 Qb7 20. bxc4 Bxc4 21. Nxc4 Rxc4 22. Qg4 Rxc2 23. f5 exf5 24. Rxf5 Rc1+ 25. Kf2 Qb2+ 26. Kg3 Rg1 27. Rf2 Qc3 28. Qf4 Re1 29. Qh6+ Kg8 30. Kh4 Re8 31. Kg5 R1xe3 32. Qxh7+ 1-0

[Event "*** Titled Tuesday Blitz"]
[Site "Chess.com"]
[Date "2020.10.27"]
[Round "6"]
[White "PlotnikovPavel"]
[Black "Bwert2602"]
[Result "1-0"]
[WhiteElo "2360"]
[BlackElo "2167"]
[TimeControl "180+1"]
[EndTime "11:05:16 PDT"]
[Termination "PlotnikovPavel won by resignation"]

1. e4 e6 2. d4 d5 3. e5 a6 4. c3 Bd7 5. Nf3 Ne7 6. Bd3 Bb5 7.
Bc2 a5 8. h4 h6 9. g3 Nf5 10. Nbd2 c5 11. Nb3 b6 12. Nbd2 Nc6 13. Nf1 cxd4 14. cxd4 Bb4+ 15. Bd2 Nfxd4 16. Nxd4 Nxd4 17.
Bxb4 Nxc2+ 18. Qxc2 axb4 19. Nd2 Qc7 20. Qxc7 1-0

[Event "*** Titled Tuesday Blitz"]
[Site "Chess.com"]
[Date "2020.10.27"]
[Round "6"]
[White "redbaron8888"]
[Black "GoltsevDmitry2000"]
[Result "1-0"]
[WhiteElo "2519"]
[BlackElo "2697"]
[TimeControl "180+1"]
[EndTime "11:05:20 PDT"]
[Termination "redbaron8888 won by checkmate"]

1. e4 c5 2. Nf3 e6 3. d4 cxd4 4. Nxd4 a6 5. Nc3 Qc7 6. Be2 Nf6 7. O-O b5 8. Bf3 Bb7 9. e5 Ng8 10. Re1 Ne7 11. Bxb7 Qxb7 12. Ne4 Ng6 13. Qf3 Nc6 14. Ng5 Nd8 15. Qg3 Bc5 16. Be3 Rc8 17. c3 O-O 18. Rad1 b4 19. h4 bxc3 20. bxc3 Ne7 21. h5 Bxd4 22. Bxd4 Nf5 23. Qf4 h6 24.
Ne4 Nc6 25. Rd3 Ncxd4 26. cxd4 Rc2 27. g4 Ne7 28. g5 hxg5 29. Qxg5 Nf5 30. h6 Nxh6 31. Rg3 Nf5 32. Nf6+ Kh8 33. Rh3+ Nh6 34. Rxh6+ gxh6 35. Qxh6# 1-0

[Event "*** Titled Tuesday Blitz"]
[Site "Chess.com"]
[Date "2020.10.27"]
[Round "6"]
[White "CakeinSpace2002"]
[Black "Natalya_Buksa"]
[Result "0-1"]
[WhiteElo "2345"]
[BlackElo "2541"]
[TimeControl "180+1"]
[EndTime "11:05:25 PDT"]
[Termination "Natalya_Buksa won by resignation"]

1. c4 e6 2. Nc3 d5 3. d4 Be7 4.
cxd5 exd5 5. Bf4 Nf6 6. e3 Bf5 7. Bd3 Bxd3 8. Qxd3 c6 9. Nf3 O-O 10. O-O Bd6 11. Bg5 Nbd7 12. Rab1 Qe8 13. b4 a6 14. a4 Ne4 15. Rfc1 f5 16. Bf4 Qe7 17. b5 axb5 18.
axb5 Bxf4 19. exf4 Ra3 20. bxc6 bxc6 21. Rb7 Rb8 22.
Rxb8+ Nxb8 23. Nxd5 cxd5 24. Rc8+ Kf7 25. Ne5+ Kf6 26. Qb1 Qb4 27. Qc1 Rb3 28. Rc6+ Nxc6 29. Qxc6+ Qd6 30. Qc1 Nd2 31. g4 Rb1 32. g5+ Ke6 0-1

[Event "*** Titled Tuesday Blitz"]
[Site "Chess.com"]
[Date "2020.10.27"]
[Round "6"]
[White "Kaliopa"]
[Black "davigator"]
[Result "1-0"]
[WhiteElo "2221"]
[BlackElo "2361"]
[TimeControl "180+1"]
[EndTime "11:05:28 PDT"]
[Termination "Kaliopa won by resignation"]

1. d4 Nf6 2. c4 e6 3. Nc3 Bb4 4.
e3 O-O 5. Bd3 d5 6. cxd5 exd5 7.
Ne2 Re8 8. Bd2 c6 9. O-O Nbd7 10.
Rc1 Bd6 11. Ng3 Nf8 12. f3 a5 13. Nce2 a4 14. Qc2 g6 15. e4 Be7 16. e5 N6d7 17.
f4 f5 18. exf6 Nxf6 19. f5 Kg7 20. fxg6 hxg6 21. Nf4 Ne4 22. Nxe4 dxe4 23. Bxe4 Qxd4+ 24. Kh1 Bf6 25. Bc3 Qxe4 26. Bxf6+ Kxf6 27. Ne6+ Ke5 28. Rce1 Qxe1 29. Rxe1+ Kf6 30. Qf2+ Ke7 31. Nxf8+ Kd8 32.
Qf6+ Kc7 33. Rxe8 1-0

[Event "*** Titled Tuesday Blitz"]
[Site "Chess.com"]
[Date "2020.10.27"]
[Round "6"]
[White "HouseOfDurin"]
[Black "Manukyan_Artak"]
[Result "1/2-1/2"]
[WhiteElo "2179"]
[BlackElo "2412"]
[TimeControl "180+1"]
[EndTime "11:05:29 PDT"]
[Termination "Game drawn by repetition"]

1. d4 Nf6 2. Bg5 c5 3. Bxf6 gxf6 4. c3 Qb6 5. Qc2 d5 6. dxc5 Qxc5 7. Nd2 Nc6 8. Nb3 Qb6 9. e3 e5 10. Nf3 a5 11. a4 Be6 12. Bb5 Be7 13. O-O-O O-O-O 14. h3 h5 15. Nh4 Na7 16. Nf5 Bf8 17. c4 Kb8 18. c5 Qc7 19. Kb1 Rc8 20. Rc1 Nc6 21. Bxc6 bxc6 22. g4 Ka7 23. Qc3 Ka6 24. Qd3+ Ka7 25.
Qc3 Ka6 26. Qd3+ Ka7 27. Qc3 1/2-1/2

[Event "*** Titled Tuesday Blitz"]
[Site "Chess.com"]
[Date "2020.10.27"]
[Round "6"]
[White "Snegokhod"]
[Black "SamuelGhimpu2003"]
[Result "1-0"]
[WhiteElo "2453"]
[BlackElo "2605"]
[TimeControl "180+1"]
[EndTime "11:05:32 PDT"]
[Termination "Snegokhod won by resignation"]

1. e4 e6 2. d3 d5 3. Nd2 Nf6 4. Ngf3 Nc6 5. g3 dxe4 6. dxe4 Bc5 7. Bg2 e5 8. O-O O-O 9. Qe2 a5 10. Nb3 Bd6 11. Bg5 b6 12. Rfd1 h6 13. Bh4 Qe7 14. h3 g5 15. Nxg5 hxg5 16. Bxg5 Qe6 17. f4 exf4 18. gxf4 Ba6 19. Qf3 Nh7 20. Bh4 a4 21. e5 axb3 22. exd6 bxc2 23. Re1 Qxd6 24. Qxc6 Qxf4 25. Re4 Qd2 26. Rg4+ Kh8 27. Bf6+ 1-0

[Event "*** Titled Tuesday Blitz"]
[Site "Chess.com"]
[Date "2020.10.27"]
[Round "6"]
[White "JoachimMouhamad"]
[Black "Iskusnyh"]
[Result "1/2-1/2"]
[WhiteElo "2316"]
[BlackElo "2556"]
[TimeControl "180+1"]
[EndTime "11:05:32 PDT"]
[Termination "Game drawn by repetition"]

1. e4 e6 2. d4 d5 3. Nc3 Nf6 4.
e5 Nfd7 5. f4 c5 6. Nf3 Nc6 7.
Be3 Rb8 8. Qd2 Qa5 9. Be2 b5 10. O-O b4 11. Nd1 cxd4 12. Nxd4 Nxd4 13. Bxd4 Bc5 14.
Bxc5 Qxc5+ 15. Kh1 O-O 16. Nf2 a5 17. Bd3 Qb6 18.
Qe2 Nc5 19. Bxh7+ Kxh7 20. Qh5+ Kg8 21. Ng4 Ne4 22. Rae1 f5 23. Nh6+ gxh6 24. Qg6+ Kh8 25. Qxh6+ Kg8 26. Qg6+ Kh8 27. Rf3 Nf2+ 28. Rxf2 Qxf2 29.
Qh6+ Kg8 30. Qg6+ Kh8 31. Qh6+ Kg8 32. Qg6+ Kh8 1/2-1/2

[Event "*** Titled Tuesday Blitz"]
[Site "Chess.com"]
[Date "2020.10.27"]
[Round "6"]
[White "Corre_por_tu_vida"]
[Black "PauloCesarCosta_sad"]
[Result "1-0"]
[WhiteElo "2568"]
[BlackElo "2309"]
[TimeControl "180+1"]
[EndTime "11:05:33 PDT"]
[Termination "Corre_por_tu_vida won on time"]

1. e4 e6 2. d4 d5 3. Nd2 Nf6 4.
e5 Nfd7 5. f4 c5 6. c3 Nc6 7.
Ndf3 Be7 8. Bd3 cxd4 9. cxd4 Qa5+ 10. Kf2 Nb4 11. Bb1 O-O 12. Ne2 f6 13. h4 b6 14. Kg3 Ba6 15. Nc3 Nc6 16. Bxh7+ Kxh7 17. Ng5+ fxg5 18. hxg5+ Kg8 19. Rh8+ Kxh8 20. Qh5+ Kg8 21. g6 Bh4+ 22. Qxh4 Rfc8 23. Qh7+ Kf8 24. f5 exf5 25.
Bg5 Ne7 26. e6 Rxc3+ 27. bxc3 Qxc3+ 28. Kh2 Ng8 29. Rc1 Qb4 30. exd7 Qxd4 31. Re1 Rd8 32.
Qxg8+ Kxg8 33. Re8+ 1-0

[Event "*** Titled Tuesday Blitz"]
[Site "Chess.com"]
[Date "2020.10.27"]
[Round "6"]
[White "Lenyas66"]
[Black "AndreyNeves"]
[Result "1-0"]
[WhiteElo "2467"]
[BlackElo "2265"]
[TimeControl "180+1"]
[EndTime "11:05:33 PDT"]
[Termination "Lenyas66 won on time"]

1. e4 c5 2. Nf3 Nc6 3. Bb5 g6 4.
Bxc6 dxc6 5. O-O Bg7 6. Re1 e5 7. a3 a5 8. d3 b6 9. Be3 f6 10.
Nbd2 Nh6 11. b4 axb4 12. axb4 Rxa1 13. Qxa1 cxb4 14. Qa4 Bd7 15. Qxb4 c5 16. Qb3 Ng4 17. Nc4 Nxe3 18. fxe3 Be6 19. Qb5+ Ke7 20. Nxb6 Qc7 21. Nd5+ Bxd5 22. exd5 Rb8 23. Qa6 Rb6 24. Qa3 f5 25. e4 f4 26. Nd2 g5 27. Nc4 g4 28.
Nxb6 Qxb6 29. Qb3 c4+ 30. Qxb6 1-0

[Event "*** Titled Tuesday Blitz"]
[Site "Chess.com"]
[Date "2020.10.27"]
[Round "6"]
[White "venus02"]
[Black "Kobalia"]
[Result "0-1"]
[WhiteElo "2508"]
[BlackElo "2743"]
[TimeControl "180+1"]
[EndTime "11:05:35 PDT"]
[Termination "Kobalia won by checkmate"]

1. d4 Nf6 2. c4 g6 3. Nc3 Bg7 4. e4 O-O 5. Be2 d6 6. Bg5 h6 7. Be3 e5 8. d5 Nbd7 9. g4 Nc5 10. f3 Nh7 11. b4 Na6 12. a3 f5 13.
h4 fxg4 14. fxg4 Rf4 15. Bxf4 exf4 16. Rc1 Nb8 17. Nf3 Nd7 18. Nd4 Ne5 19. Ne6 Bxe6 20.
dxe6 Nf8 21. c5 Kh7 22. cxd6 cxd6 23. g5 Nxe6 24. Nd5 Nd4 25. Qxd4 Nf3+ 26. Bxf3 Bxd4 27. Rc7+ Kh8 28. Bg4 f3 29. Be6 Qe8 30. Re7 Qb5 31. h5 Qe2# 0-1

[Event "*** Titled Tuesday Blitz"]
[Site "Chess.com"]
[Date "2020.10.27"]
[Round "6"]
[White "Ranindu2003"]
[Black "Nemsko"]
[Result "1-0"]
[WhiteElo "2552"]
[BlackElo "2347"]
[TimeControl "180+1"]
[EndTime "11:05:35 PDT"]
[Termination "Ranindu2003 won by resignation"]

1. e4 e5 2. Nf3 Nc6 3. Bc4 Bc5 4.
c3 Nf6 5. d3 a6 6. h3 Ba7 7. Bb3 O-O 8. Bg5 h6 9. Bh4 d6 10. Nbd2 Be6 11. Nf1 Kh8 12. Ng3 Rg8 13. Qd2 Nb8 14. Nf5 Kh7 15. g4 Bxb3 16. axb3 g5 17.
Bxg5 hxg5 18. Nxg5+ Kg6 19. Nf3 Nxg4 20. hxg4 Kf6 21.
Rh6+ 1-0

[Event "*** Titled Tuesday Blitz"]
[Site "Chess.com"]
[Date "2020.10.27"]
[Round "6"]
[White "amintabatabaei"]
[Black "vanyakuba"]
[Result "1-0"]
[WhiteElo "2883"]
[BlackElo "2509"]
[TimeControl "180+1"]
[EndTime "11:05:37 PDT"]
[Termination "amintabatabaei won on time"]

1. b3 d5 2. Bb2 c5 3. Nf3 Nc6 4. e3 a6 5. d4 Nf6 6. Nbd2 Bg4 7.
h3 Bh5 8. Bd3 e6 9. O-O Bd6 10. a3 cxd4 11. exd4 O-O 12. Qe1 Bg6 13. Bxg6 hxg6 14. c4 dxc4 15. bxc4 Rc8 16. Rb1 b5 17. c5 Bc7 18. Ne4 Nd5 19. g3 Re8 20. Qe2 Qd7 21. Ne5 Nxe5 22. dxe5 Qc6 23. Rbc1 Rcd8 24. Qg4 Ne7 25.
Nd6 Rf8 26. h4 Nf5 27. h5 gxh5 28. Qxh5 Bxd6 29. exd6 f6 30. Rfe1 Rfe8 31. g4 Nh6 32.
Bxf6 Rd7 33. Qxe8+ Kh7 34. g5 gxf6 35. Qh5 Kg8 36. gxh6 1-0

[Event "*** Titled Tuesday Blitz"]
[Site "Chess.com"]
[Date "2020.10.27"]
[Round "6"]
[White "kinga2008"]
[Black "annamaja"]
[Result "1-0"]
[WhiteElo "2128"]
[BlackElo "2280"]
[TimeControl "180+1"]
[EndTime "11:05:37 PDT"]
[Termination "kinga2008 won by checkmate"]

1. e4 e6 2. d4 d5 3. Nc3 Nf6 4. Bg5 dxe4 5. Nxe4 Nbd7 6. Nxf6+ Nxf6 7. Nf3 h6 8. Bxf6 Qxf6 9. Bd3 Bd6 10. O-O O-O 11. c4 c5 12. dxc5 Bxc5 13. Rb1 a5 14. a3 a4 15. Bc2 Rd8 16. Qe2 Bd7 17. Qe4 Bc6 18. Qh7+ Kf8 19. Be4 Ke7 20. Bxc6 bxc6 21. Qe4 Ra6 22. Ne5 Rd6 23. Rbd1 Qxf2+ 24. Kh1 Rxd1 25.
Rxd1 Bd6 26. Nxc6+ Kf8 27. Ne5 Be7 28. Qh7 f6 29.
Qh8# 1-0

[Event "*** Titled Tuesday Blitz"]
[Site "Chess.com"]
[Date "2020.10.27"]
[Round "6"]
[White "PavelChernomordik"]
[Black "Mr_Sinigami"]
[Result "0-1"]
[WhiteElo "2293"]
[BlackElo "2474"]
[TimeControl "180+1"]
[EndTime "11:05:42 PDT"]
[Termination "Mr_Sinigami won by resignation"]

1. e4 d5 2. exd5 Nf6 3. Bb5+ Bd7 4. Bc4 Bf5 5. Nc3 Nbd7 6. Qf3 Bg4 7. Qg3 Nb6 8. Bb3 Bf5 9. Nge2 Nfxd5 10. Nxd5 Nxd5 11. Qe5 e6 12. Nd4 Bg6 13. Nxe6 fxe6 14. Qxe6+ Ne7 15. O-O Qd6 16. Qg4 Bf5 17. Qf3 O-O-O 18.
d3 Qc6 19. Qf4 Bd7 20. Re1 Ng6 21. Qg5 Be7 22. Qa5 Nh4 23. Re4 Bf5 24. Ba4 Qxe4 25. f3 Qe2 26. Qd2 Bc5+ 0-1

[Event "*** Titled Tuesday Blitz"]
[Site "Chess.com"]
[Date "2020.10.27"]
[Round "6"]
[White "picturesquecheck"]
[Black "kai_nov"]
[Result "1-0"]
[WhiteElo "2095"]
[BlackElo "2288"]
[TimeControl "180+1"]
[EndTime "11:05:42 PDT"]
[Termination "picturesquecheck won on time"]

1. e4 c5 2. Nf3 Nc6 3. d4 cxd4 4. Nxd4 Nf6 5. Nc3 e5 6. Ndb5 d6 7. Bg5 a6 8. Na3 b5 9. Nd5 Be7 10. Bxf6 Bxf6 11. c3 O-O 12. Nc2 Bg5 13. a4 bxa4 14.
Rxa4 a5 15. Bc4 Rb8 16. b3 Kh8 17. O-O f5 18. exf5 Bxf5 19. Nce3 Be6 20. Qd3 Qd7 21. Rfa1 Qf7 22. f3 Qa7 23. Kh1 Qc5 24. Re1 h6 25. Nc7 Bxc4 26. Rxc4 Qa7 27. Ne6 Rfc8 28. Nxg5 hxg5 29.
Qg6 Rxb3 30. Nf5 Rb7 31. Qh5+ Kg8 32. Rxc6 Rxc6 33. Qe8+ Kh7 34. Qxc6 Qf2 35. Rg1 Rb2 36. Qe4 Kh8 37. Nxd6 1-0

[Event "*** Titled Tuesday Blitz"]
[Site "Chess.com"]
[Date "2020.10.27"]
[Round "6"]
[White "Miss_JJ20"]
[Black "sara_khm"]
[Result "0-1"]
[WhiteElo "2448"]
[BlackElo "2584"]
[TimeControl "180+1"]
[EndTime "11:05:44 PDT"]
[Termination "sara_khm won by resignation"]

1. d4 Nf6 2. Nf3 e6 3. c4 a6 4. g3 b5 5. b3 Bb7 6. Bg2 c5 7. O-O bxc4 8. bxc4 cxd4 9. Qxd4 Nc6 10. Qb2 Rb8 11. Bf4 d6 12. Nc3 Nd4 13. Qd2 Nxf3+ 14. exf3 Be7 15. Rfd1 e5 16. Be3 O-O 17. Rac1 Rc8 18.
Nd5 Nxd5 19. cxd5 f5 20. f4 e4 21. Bf1 Bf6 22. Rc6 Bxc6 23. dxc6 d5 24. Bxa6 Rxc6 25. Bb7 Rc3 26. Bxd5+ Kh8 27. h4 Rd3 0-1